 Dungeon Crawl Stone Soup version 0.26-a0-812-g31a745ddcd (webtiles) character file.

Game seed: 12924007769444727796

1190 Lanoc the Conjurer (level 8, -10/52 HPs)
             Began as a Demonspawn Fire Elementalist on Nov 25, 2020.
             Was a Believer of Yredelemnul.
             Mangled by an orc warrior
             ... wielding a +0 morningstar
              (16 damage)
             ... on level 5 of the Dungeon.
             The game lasted 00:10:22 (6883 turns).

Lanoc the Conjurer (Demonspawn Fire Elementalist)   Turns: 6883, Time: 00:10:23

Health: -10/52     AC:  2    Str:  9    XL:     8   Next: 19%
Magic:  4/11       EV: 14    Int: 19    God:    Yredelemnul [**....]
Gold:   299        SH:  0    Dex: 13    Spells: 6/11 levels left

rFire    . . .     SeeInvis .   e - +3 hand axe
rCold    + . .     Faith    .   (no shield)
rNeg     . . .     Spirit   .   a - +0 robe
rPois    .         Reflect  .   (helmet restricted)
rElec    .         Harm     .   (no cloak)
rCorr    .         Rampage  .   (no gloves)
MR       .....                  (no boots)
Stlth    ++........             (no amulet)
HPRegen  0.17/turn              (no ring)
MPRegen  0.12/turn              (no ring)

@: no status effects
A: antennae 2, hooves 1, cold resistance 1
a: Animate Remains, Recall Undead Slaves, Injury Mirror, Renounce Religion


You were on level 5 of the Dungeon.
You worshipped Yredelemnul.
Yredelemnul was pleased with you.
You visited 1 branch of the dungeon, and saw 6 of its levels.

You collected 299 gold pieces.

Inventory:

Hand Weapons
 e - a +3 hand axe (weapon)
Armour
 a - a +0 robe (worn)
Magical Staves
 m - an uncursed staff of poison
Wands
 h - a wand of enslavement (13)
 o - a wand of acid (3)
Scrolls
 d - 2 scrolls of teleportation
 f - 2 scrolls of enchant weapon
 g - 3 scrolls of magic mapping {unknown}
 j - 5 scrolls of enchant armour {unknown}
 k - a scroll of fear
 l - a scroll of immolation
 n - a scroll of remove curse


   Skills:
 + Level 4.3 Dodging
 - Level 1.7 Stealth
 - Level 2.0 Spellcasting
 * Level 6.3 Conjurations
 + Level 4.8 Fire Magic
 + Level 5.0 Invocations


You had 6 spell levels left.
You knew the following spells:

 Your Spells              Type           Power        Failure   Level
a - Foxfire               Conj/Fire      ###.         1%          1
b - Sticky Flame          Conj/Fire      ###.....     17%         4

Your spell library contained the following spells:

 Spells                   Type           Power        Failure   Level
 Conjure Flame            Conj/Fire      ###.....     4%          3
 Inner Flame              Hex/Fire       ##......     19%         3
 Fireball                 Conj/Fire      ###.......   43%         5


Dungeon Overview and Level Annotations

Branches:
Dungeon (6/15)
 Temple: D:4-7

Altars:
Fedhas
Gozag
Makhleb
Ru
Yredelemnul
Zin

Annotations:
D:4 Dowan, Duvessa, Pikel


Innate Abilities, Weirdness & Mutations

You have a pair of antennae on your head.
You have large cloven feet.
Your flesh is cold resistant. (rC+)


Message History

You climb upwards.
There is a stone staircase leading down here.
The orc warrior burns!
The orc warrior burns!
The orc warrior burns!
The orc warrior stops burning.
Casting: Sticky Flame (quite dangerous; 17% risk of failure)
Confirm with . or Enter, or press ? or * to list all spells.
The spell is quite dangerous to cast (17% risk of failure)!
Continue anyway? [Y]es or [N]o only, please.
The spell is quite dangerous to cast (17% risk of failure)!
Continue anyway?
Aiming: Sticky Flame (quite dangerous; 17% risk of failure)
Press: ? - help, Shift-Dir - straight line, f - orc warrior
Aim: an orc warrior, wielding a +0 morningstar and wearing a +0 plate armour (severely wounded)
The sticky flame hits the orc warrior but does no damage.
The orc warrior is severely wounded.
The orc warrior is covered in liquid flames!
The orc warrior burns!
The orc warrior hits you with a +0 morningstar!
You die...
Your body rises from the dead as a mindless zombie.

#........# #.####.# #........##
#.#....# #.........# #.#[####
#.........###.#.#
#...............#
#........####...# # #........#
#...########
#########'##########..........#
..(........[>..o@.....####...##
#########.#[.########....#...#
# #.#...# ########..!..#
#.#.#.# #.....####.#.## #.#.#.#
#.###.# #....# #.#.#.# #.# #.#
###### #.#.#.###.# #.#
#####'#.#.....# #.#
#...รท....###### #.#


You could see an orc warrior (burning).

Vanquished Creatures
  Grinder (D:5)
  A water moccasin (D:6)
  An ogre (D:4)
  2 lemures (D:3)
  A centaur (D:5)
  A scorpion (D:6)
  3 howler monkeys
  A hound (D:6)
  6 orc priests
  4 orc wizards
  A worker ant (D:4)
  A hound skeleton (D:6)
  4 gnolls (D:4)
  5 adders
  An ufetubus (D:5)
  2 worms
  5 dart slugs
  3 leopard geckos
  23 orcs
  6 bats
  4 giant cockroaches
  3 goblins (D:1)
  7 hobgoblins
  4 jackals (D:5)
  A ball python (D:1)
  9 frilled lizards
  5 kobolds
  11 rats
116 creatures vanquished.

Vanquished Creatures (others)
  555 foxfires
555 creatures vanquished.

Grand Total: 671 creatures vanquished

Notes
Turn   | Place    | Note
-------+----------+-------------------------------------------
     0 | D:1      | Lanoc the Demonspawn Fire Elementalist began the quest for
                  | the Orb.
     0 | D:1      | Reached XP level 1. HP: 13/13 MP: 3/3
   461 | D:1      | Gained mutation: You have a pair of small antennae on your
                  | head. [demonic ancestry]
   461 | D:1      | Reached XP level 2. HP: 16/19 MP: 0/5
   888 | D:1      | Reached skill level 2 in Conjurations
  1018 | D:1      | Reached XP level 3. HP: 23/24 MP: 1/6
  1904 | D:3      | Found an opulent altar of Gozag.
  2034 | D:3      | Found a faded altar of an unknown god.
  2041 | D:3      | Became a worshipper of Yredelemnul the Dark
  2041 | D:3      | Reached * piety under Yredelemnul
  2248 | D:3      | Found a glowing silver altar of Zin.
  2249 | D:3      | Noticed an angel
  2295 | D:3      | Gained mutation: Your flesh is cold resistant. (rC+)
                  | [demonic ancestry]
  2295 | D:3      | Reached XP level 4. HP: 27/30 MP: 0/7
  2692 | D:4      | Reached skill level 3 in Conjurations
  2761 | D:4      | Reached skill level 1 in Invocations
  2829 | D:4      | Reached XP level 5. HP: 28/35 MP: 0/8
  2990 | D:4      | Found a sacrificial altar of Ru.
  2999 | D:4      | Noticed a lemure
  2999 | D:4      | Noticed a lemure
  2999 | D:4      | Noticed a lemure
  3000 | D:4      | Noticed Pikel
  3000 | D:4      | Noticed a lemure
  3084 | D:3      | Killed a lemure
  3107 | D:4      | Learned a level 4 spell: Sticky Flame
  3389 | D:4      | Noticed Duvessa
  3389 | D:4      | Noticed Dowan
  3437 | D:3      | Killed a lemure
  3867 | D:4      | Reached skill level 4 in Conjurations
  3926 | D:4      | Noticed an ogre
  3933 | D:4      | Killed an ogre
  3933 | D:4      | Reached ** piety under Yredelemnul
  3933 | D:4      | Gained mutation: You have large cloven feet. [demonic
                  | ancestry]
  3933 | D:4      | Reached XP level 6. HP: 41/41 MP: 1/9
  4114 | D:4      | Identified the cursed +1 ring mail of the Butterfly {+Blink
                  | MR+}
  4140 | D:5      | Entered Level 5 of the Dungeon
  4518 | D:5      | Noticed Grinder
  4519 | D:5      | Paralysed by Grinder for 2 turns
  4528 | D:5      | Paralysed by Grinder for 3 turns
  4530 | D:5      | Killed Grinder
  4530 | D:5      | Reached skill level 5 in Conjurations
  4530 | D:5      | Reached XP level 7. HP: 18/46 MP: 2/10
  4996 | D:5      | Found an opulent altar of Gozag.
  5516 | D:5      | Found a blossoming altar of Fedhas.
  6134 | D:6      | Found a burning altar of Makhleb.
  6210 | D:6      | Reached skill level 6 in Conjurations
  6210 | D:6      | Gained mutation: You have a pair of antennae on your head.
                  | [demonic ancestry]
  6210 | D:6      | Reached XP level 8. HP: 47/52 MP: 5/11
  6619 | D:6      | Reached skill level 5 in Invocations
  6883 | D:5      | Mangled by an orc warrior

Illustrated notes

Levels and vault maps discovered:
D:1:      dpeg_arrival_concentric_ovals, layout_basic, minmay_tall_x
D:2:      layout_rooms, grunt_dithmenos_smoke, uniq_natasha
D:3:      layout_loops_ring, old_standard_altar, zin_angel,
          chequers_ecumenical_altar_simple, minivault_23, nrook_uturn
D:4:      layout_rooms, lemuel_doored_altar, uniq_pikel, uniq_sigmund,
          uniq_duvessa
D:5:      layout_basic, fedhas_altar_2,
          nicolae_gozag_cash_rules_everything_around_me, uniq_grinder
D:6:      layout_rooms, makhleb_heckhound_becter, minmay_temple_entry_trees,
          minmay_crystal_water, nicolae_ru_sacrificial_ziggurat, uniq_eustachio

Skill      XL: |  1  2  3  4  5  6  7  8 |
---------------+-------------------------+-----
Dodging        | 2 3 4 |  4.3
Conjurations   | 2 3 4 5 6 |  6.3
Fire Magic     | 3 4 |  4.8
Invocations    | 1 2 3 4 5 |  5.0
Stealth        | |  1.7
Spellcasting   | |  2.0

Action                   |  1- 3 |  4- 6 |  7- 9 || total
-------------------------+-------+-------+-------++-------
Melee: Unarmed           |    49 |    49 |       ||    98
       Kick              |       |     2 |     5 ||     7
       Hand axe          |       |       |    41 ||    41
 Cast: Foxfire           |   114 |   123 |   103 ||   340
       Sticky Flame      |       |     2 |     2 ||     4
  Use: Potion            |       |     5 |     4 ||     9
       Scroll            |       |       |     6 ||     6
Armor: Robe              |    11 |     6 |     8 ||    25
Dodge: Dodged            |    67 |    47 |    59 ||   173

Table legend: (Time is in decaauts)
 A = Elapsed time spent in this place.
 B = Non-inter-level travel time spent in this place.
 C = Inter-level travel time spent in this place.
 D = Time resting spent in this place.
 E = Time spent auto-exploring this place.
 F = Levels seen in this place.
 G = Mean time per level.
                   A        B        C        D        E       F      G
               +--------+--------+--------+--------+--------+-----+--------+
         Total |   6885 |   6672 |    213 |    719 |   4800 |   6 | 1147.5 |
       Dungeon |   6885 |   6672 |    213 |    719 |   4800 |   6 | 1147.5 |
               +--------+--------+--------+--------+--------+-----+--------+

Top non-repeatable levels by time:
     D:5: 2511 daAuts
     D:1: 1442 daAuts
     D:3: 1417 daAuts
     D:4: 1164 daAuts
     D:6: 245 daAuts
     D:2: 103 daAuts
